 Dungeon Crawl Stone Soup version 0.23.2-40-g277498a001 (webtiles) character file.

Game seed: 4753221629565565980

12814 harness the Archer (level 11, -6/56 HPs)
             Began as a Tengu Arcane Marksman on Sept 14, 2019.
             Was an Elder of the Shining One.
             Mangled by a cyclops (27 damage)
             ... on level 11 of the Dungeon on Sept 15, 2019.
             The game lasted 01:25:07 (16894 turns).

harness the Archer (Tengu Arcane Marksman)         Turns: 16894, Time: 01:25:07

Health: -6/56      AC:  8    Str: 15    XL:     11   Next: 99%
Magic:  15/16      EV: 16    Int: 13    God:    the Shining One [****..]
Gold:   803        SH:  8    Dex: 14    Spells: 5/16 levels left

rFire    + . .     SeeInvis .   b - +9 rapier (elec)
rCold    . . .     Gourm    .   (no shield)
rNeg     + + .     Faith    .   w - +1 ring mail {rF+}
rPois    +         Spirit   .   (helmet restricted)
rElec    .         Reflect  .   m - +0 cloak
rCorr    .         Harm     .   (no gloves)
MR       .....                  (boots unavailable)
Stlth    +.........             (no amulet)
HPRegen  0.18/turn              Q - +3 ring of evasion
MPRegen  0.15/turn              S - ring of poison resistance

@: divine shield, flying quickly and evasively, glowing, quick
A: beak, talons 3, able to fly
a: Stop Flying, Divine Shield, Cleansing Flame, Renounce Religion


You were on level 11 of the Dungeon.
You worshipped the Shining One.
The Shining One was greatly pleased with you.
You were hungry.

You visited 2 branches of the dungeon, and saw 14 of its levels.
You also visited: Sewer.

You collected 803 gold pieces.

Inventory:

Hand Weapons
 a - a +1 shortbow
 b - a +9 rapier of electrocution (weapon)
 c - a +0 blowgun
 d - a +1 war axe of electrocution
 M - a +2 dagger of venom
 O - a +3 scimitar of flaming
 P - a +0 falchion of holy wrath
Missiles
 e - 3 curare-tipped needles
 i - 115 poisoned needles
 u - 7 needles of paralysis
 K - 122 arrows
Armour
 g - a +0 leather armour of cold resistance
 m - a +0 cloak (worn)
 w - a +1 ring mail of fire resistance (worn)
 y - a +2 robe of fire resistance
 C - a +0 ring mail of cold resistance
 T - the +0 robe of Ijokiete {MR+ Int+4 Dex-2}
   (You found it on level 9 of the Dungeon)

   It affects your intelligence (+4).
   It affects your dexterity (-2).
   It affects your resistance to hostile enchantments.
Magical Staves
 N - an uncursed staff of power
Jewellery
 Q - a +3 ring of evasion (left hand)
 S - a ring of poison resistance (right hand)
Wands
 F - a wand of iceblast (7)
Scrolls
 j - 2 scrolls of identify
 k - 7 scrolls of remove curse
 l - 2 scrolls of immolation
 n - a scroll of fear {unknown}
 o - a scroll of fog {unknown}
 p - 3 scrolls of teleportation
 t - a scroll of vulnerability {unknown}
 B - 3 scrolls of enchant weapon
 G - a scroll of holy word {unknown}
 H - a scroll of blinking
 I - a scroll of amnesia {unknown}
Potions
 h - 2 potions of might
 q - a potion of magic {unknown}
 r - 3 potions of curing
 s - a potion of haste
 x - a potion of degeneration {unknown}
 z - 4 potions of agility
 D - 2 potions of brilliance {unknown}
 E - a potion of lignification {unknown}
 J - a potion of invisibility {unknown}
 L - a potion of mutation {unknown}
 R - 3 potions of resistance {unknown}
Comestibles
 f - 19 rations


   Skills:
 - Level 1.0 Fighting
 * Level 7.1 Short Blades
 + Level 12.5 Bows
 - Level 6.2 Armour
 - Level 2.1 Dodging
 - Level 3.0 Spellcasting
 - Level 3.0 Hexes
 - Level 3.0 Translocations
 - Level 6.4 Fire Magic
 + Level 8.7 Air Magic
 + Level 4.8 Invocations


You had 5 spell levels left.
You knew the following spells:

 Your Spells              Type           Power        Failure   Level  Hunger
a - Corona                Hex            #......      12%         1    #......
m - Inner Flame           Hex/Fire       ##......     19%         3    ###....
r - Portal Projectile     Hex/Tloc       #.....       34%         3    ###....
L - Summon Lightning Spi  Summ/Air       ##......     56%         4    #####..

Your spell library contained the following spells:

 Spells                   Type           Power        Failure   Level  Hunger
 Slow                     Hex            #.......     19%         2    ###....
 Sandblast                Erth           #.....       38%         1    #......
 Summon Small Mammal      Summ           #...         38%         1    #......
 Call Imp                 Summ           #.......     52%         2    ###....
 Passwall                 Tmut/Erth      #.......     52%         2    ###....
 Summon Guardian Golem    Hex/Summ       #.......     54%         3    ###....
 Cause Fear               Hex            #.........   75%         4    #####..
 Call Canine Familiar     Summ           #.......     77%         3    ###....
 Stone Arrow              Conj/Erth      #.....       77%         3    ###....
 Leda's Liquefaction      Hex/Erth       #.........   91%         4    #####..
 Petrify                  Tmut/Erth      #.......     99%         4    #####..
 Summon Ice Beast         Ice/Summ       #.......     99%         4    #####..
 Lee's Rapid Deconstruct  Erth           #.........   100%        5    ######.


Dungeon Overview and Level Annotations

Branches:
Dungeon (13/15)            Temple (1/1) D:7            Lair (0/6) D:9
    Orc (0/2) D:10
 Vaults: D:13-14

Altars:
Ashenzari
Cheibriados
Dithmenos
Elyvilon
Fedhas
Gozag
Hepliaklqana
Kikubaaqudgha
Makhleb
Nemelex Xobeh
Okawaru
Qazlal
Ru
Sif Muna
Trog
Uskayaw
Vehumet
Wu Jian
Xom
Yredelemnul
Zin
The Shining One


Innate Abilities, Weirdness & Mutations

You have a beak for a mouth.
You have claws for feet.
You can fly continuously.


Message History

The arrow hits the crimson imp but does no damage.
The crimson imp is heavily wounded.
You block the crimson imp's attack.
You hear the crackle of electricity.
b - a +9 rapier of electrocution (weapon)
You hit the crimson imp but do no damage.
Your kick misses the crimson imp.
The crimson imp is heavily wounded.
The crimson imp hits you but does no damage.
You closely miss the crimson imp.
The crimson imp is moderately wounded.
You hit the cyclops.
The cyclops is severely wounded.
You puncture the cyclops!
The cyclops is almost dead.
The crimson imp hits you.
You hit the cyclops. You claw the cyclops, but do no damage.
The cyclops is almost dead.
The cyclops hits you!!
You die...

######## ### # #......# #..
.# # #####......# #.###.#
.. #..........# #.#...
...#.((.......######.#.#
..C.(....(.C@........>)#
........(..5..######......#
###....#####.# #..##..#
........(..##..# #../......
##########.###...
#..#####.# # .... #... #
....##.... ....##..#.


You could see a cyclops and a crimson imp.

Vanquished Creatures
  A two-headed ogre (D:8)
  Erica (D:8)
  2 death yaks (D:9)
  An unseen horror (D:12)
  Pikel (D:6)
  A cyclops (D:13)
  2 kobold demonologists (D:12)
  An efreet (D:13)
  2 trolls (D:9)
  A hornet (D:11)
  Grinder (D:6)
  4 hippogriffs
  2 vampires (D:9)
  Sigmund (D:9)
  2 wraiths (D:11)
  Eustachio (D:5)
  7 yaks
  A hungry ghost (D:8)
  A water moccasin (D:11)
  2 ice beasts
  3 orc warriors
  A sky beast (D:8)
  A slave (D:6)
  A black bear (D:8)
  6 ogres
  4 centaurs
  3 big kobolds
  4 bullfrogs
  3 scorpions
  3 wights (D:8)
  5 crimson imps
  4 bullfrog zombies
  9 orc priests
  A jelly (D:13)
  7 hounds
  10 orc wizards
  3 centaur skeletons
  A gnoll shaman (D:9)
  6 iguanas
  7 worker ants
  2 hound zombies
  4 gnolls (D:9)
  14 adders
  5 river rats
  A shadow imp (D:10)
  2 oozes
  3 adder skeletons
  A worm (D:5)
  A dart slug (D:2)
  3 leopard geckos (D:4)
  33 orcs
  13 bats
  10 giant cockroaches
  11 goblins
  11 hobgoblins
  29 kobolds
  5 quokkas
  5 ball pythons
  7 frilled lizards
  A leopard gecko skeleton (D:4)
  2 leopard gecko zombies
  31 rats
311 creatures vanquished.

Vanquished Creatures (others)
  A slave (D:7)
  5 toadstools (D:13)
6 creatures vanquished.

Grand Total: 317 creatures vanquished

Notes
Turn   | Place    | Note
-------+----------+-------------------------------------------
     0 | D:1      | harness the Tengu Arcane Marksman began the quest for the
                  | Orb.
     0 | D:1      | Reached XP level 1. HP: 12/12 MP: 3/3
   117 | D:1      | Reached XP level 2. HP: 15/16 MP: 4/4
   593 | D:1      | Reached skill level 3 in Bows
   686 | D:1      | Reached XP level 3. HP: 12/20 MP: 6/6
   980 | D:1      | Learned a level 3 spell: Inner Flame
  1627 | D:2      | Reached XP level 4. HP: 22/25 MP: 7/7
  1794 | D:2      | Reached skill level 1 in Fire Magic
  2130 | D:2      | Gained mutation: You can fly continuously. [Tengu growth]
  2130 | D:2      | Reached XP level 5. HP: 20/29 MP: 9/9
  2474 | D:3      | Reached skill level 4 in Bows
  2928 | D:3      | Found a blossoming altar of Fedhas.
  3347 | D:3      | Found an ornate altar of the Wu Jian Council.
  3351 | D:3      | Found a sacrificial altar of Ru.
  3354 | D:3      | Found a shadowy altar of Dithmenos.
  3551 | D:4      | Found a hazy altar of Hepliaklqana.
  3620 | D:5      | Entered Level 5 of the Dungeon
  3675 | D:6      | Noticed Sigmund
  3686 | D:6      | Found a stormy altar of Qazlal.
  3750 | D:6      | Found an opulent altar of Gozag.
  3796 | D:6      | Found a glowing drain.
  3807 | D:6      | Found a white marble altar of Elyvilon.
  3810 | D:6      | Became a worshipper of Elyvilon the Healer
  3948 | Sewer    | Entered a sewer
  4058 | Sewer    | Reached XP level 6. HP: 26/34 MP: 10/10
  4967 | Sewer    | Reached skill level 5 in Bows
  5113 | Sewer    | Learned a level 3 spell: Portal Projectile
  5176 | Sewer    | Reached skill level 1 in Armour
  5715 | D:7      | Found an ancient bone altar of Kikubaaqudgha.
  5717 | D:7      | Noticed a slave
  5816 | D:6      | Killed a slave
  5942 | D:7      | Noticed Pikel
  5948 | D:7      | Reached XP level 7. HP: 32/38 MP: 12/12
  6332 | D:6      | Killed Pikel
  6332 | D:6      | Reached skill level 6 in Bows
  6332 | D:6      | Reached skill level 1 in Translocations
  6332 | D:6      | Reached XP level 8. HP: 15/43 MP: 13/13
  6612 | D:7      | Found a staircase to the Ecumenical Temple.
  6614 | D:7      | Reached * piety under Elyvilon
  6624 | Temple   | Entered the Ecumenical Temple
  6675 | Temple   | Fell from the grace of Elyvilon
  6675 | Temple   | Became a worshipper of the Shining One
  6713 | D:7      | Learned a level 4 spell: Summon Lightning Spire
  6840 | D:7      | Reached skill level 7 in Bows
  8458 | D:4      | HP: 1/43 [orc priest/divine providence (13)]
  9506 | D:5      | Reached * piety under the Shining One
  9729 | D:4      | Reached skill level 8 in Bows
  9729 | D:4      | Reached skill level 5 in Fire Magic
  9729 | D:4      | Reached XP level 9. HP: 23/47 MP: 14/14
 10430 | D:5      | Noticed Eustachio
 10451 | D:5      | Killed Eustachio
 10451 | D:5      | Reached skill level 1 in Air Magic
 10820 | D:5      | Reached skill level 5 in Armour
 11361 | D:6      | Noticed Grinder
 11368 | D:6      | Paralysed by Grinder for 7 turns
 11379 | D:6      | Killed Grinder
 11379 | D:6      | Reached skill level 9 in Bows
 11831 | D:8      | Found a burning altar of Makhleb.
 11853 | D:8      | Noticed a two-headed ogre
 11922 | D:8      | Killed a two-headed ogre
 11922 | D:8      | Reached XP level 10. HP: 52/52 MP: 15/15
 11981 | D:8      | Noticed Erica
 11981 | D:8      | Reached ** piety under the Shining One
 11992 | D:8      | Killed Erica
 11992 | D:8      | Reached skill level 1 in Short Blades
 11992 | D:8      | Reached skill level 10 in Bows
 12165 | D:8      | Found an iron altar of Okawaru.
 12194 | D:8      | Reached skill level 5 in Air Magic
 12229 | D:8      | Reached skill level 1 in Invocations
 13110 | D:9      | Noticed a death yak
 13115 | D:9      | Reached skill level 11 in Bows
 13115 | D:9      | Noticed a death yak
 13115 | D:9      | Noticed a death yak
 13396 | D:9      | Killed Sigmund
 13665 | D:9      | Reached XP level 11. HP: 52/56 MP: 16/16
 13825 | D:9      | Reached *** piety under the Shining One
 13844 | D:9      | Got a tattered robe
 13855 | D:9      | Identified the +0 robe of Ijokiete {MR+ Int+4 Dex-2} (You
                  | found it on level 9 of the Dungeon)
 14004 | D:9      | Found a staircase to the Lair.
 14625 | D:9      | Killed a death yak
 15030 | D:9      | Found a sparkling altar of Nemelex Xobeh.
 15169 | D:9      | Killed a death yak
 15169 | D:9      | Reached skill level 12 in Bows
 15391 | D:10     | Entered Level 10 of the Dungeon
 15391 | D:10     | Found a staircase to the Orcish Mines.
 15436 | D:9      | Reached skill level 5 in Short Blades
 16172 | D:10     | You are sucked into a shaft for 3 floors!
 16296 | D:13     | Noticed a cyclops
 16311 | D:13     | Killed a cyclops
 16567 | D:13     | Noticed a cyclops
 16580 | D:12     | Noticed an unseen horror
 16588 | D:12     | Killed an unseen horror
 16597 | D:12     | Reached **** piety under the Shining One
 16865 | D:11     | Noticed a cyclops
 16879 | D:11     | The Shining One protects you from harm!
 16881 | D:11     | HP: 1/56 [cyclops/large rock (27)]
 16894 | D:11     | Mangled by a cyclops

Skill      XL: |  1  2  3  4  5  6  7  8  9 10 11 |
---------------+----------------------------------+-----
Bows           | 3 4 5 6 8 9 11 12 | 12.5
Fire Magic     | 1 2 3 4 5 6 |  6.4
Spellcasting   | 2 3 |  3.0
Hexes          | 3 |  3.0
Armour         | 1 3 4 5 6 |  6.2
Translocations | 1 2 3 |  3.0
Air Magic      | 4 6 8 |  8.7
Short Blades   | 4 7 |  7.1
Invocations    | 2 4 |  4.8
Fighting       | |  1.0
Dodging        | |  2.1

Action                   |  1- 3 |  4- 6 |  7- 9 | 10-12 || total
-------------------------+-------+-------+-------+-------++-------
Melee: Club              |     3 |       |       |       ||     3
       Whip              |    27 |       |       |       ||    27
       Kick              |     9 |    60 |    50 |    50 ||   169
       Peck              |     2 |    29 |    36 |    36 ||   103
       Spear             |    27 |   270 |   162 |       ||   459
       War axe           |       |       |    16 |       ||    16
       Rapier            |       |       |    38 |   219 ||   257
       Trident           |       |       |    22 |       ||    22
 Fire: Shortbow          |    59 |   117 |   250 |   282 ||   708
       Blowgun           |       |       |       |     6 ||     6
 Cast: Inner Flame       |       |       |     1 |       ||     1
Invok: Divine Shield     |       |       |       |     3 ||     3
 Abil: Fly               |       |     1 |       |       ||     1
  Use: Scroll            |       |     9 |    10 |     3 ||    22
       Potion            |       |     2 |     4 |     6 ||    12
 Stab: Sleeping          |     2 |       |       |       ||     2
  Eat: Chunk             |     2 |    11 |    10 |    14 ||    37
       Ration            |       |     1 |     2 |     1 ||     4
Armor: Leather armour    |    33 |    19 |       |       ||    52
       Ring mail         |       |    73 |   121 |    72 ||   266
Dodge: Dodged            |    52 |   208 |   231 |   185 ||   676
Block: Other             |       |       |       |     2 ||     2
